[Event "Titled Tuesday Blitz June 28 Early 2022"]
[White "Domingo Nunez, Ruben"]
[Black "Xiong, Jeffery"]
[WhiteFideId "22245570"]
[BlackFideId "2047640"]
[WhiteElo "2376"]
[BlackElo "2714"]
[Result "0-1"]
[Round "02"]
[TimeControl "180+1"]
[Date "2022.06.28"]
[WhiteClock "0:00:17"]
[BlackClock "0:00:47"]

1. c4 e6 2. Nc3 d5 3. e3 Nf6 4. Nf3 c5 5. cxd5 exd5 6. d4 Nc6 7. Bb5 Bg4 8. O-O Rc8 9. h3 Bh5 10. Bd2 Bd6 11. dxc5 Bxc5 12. Rc1 O-O 13. Be2 Bd6 14. Nb5 Bb8 15. Bc3 Ne4 16. Nfd4 Bg6 17. Be1 a6 18. Nxc6 bxc6 19. Nd4 Qd6 20. g3 c5 21. Nf3 Ba7 22. Qa4 c4 23. Bb4 Qb8 24. Kg2 Bxe3 25. fxe3 Qxg3+ 26. Kh1 Qxh3+ 27. Kg1 Qg4+ 28. Kh2 Qg3+ 29. Kh1 Qh3+ 30. Kg1 Ng3 31. Kf2 Rfe8 32. Bd6 Ne4+ 33. Ke1 Nxd6 34. Qxa6 Nf5 35. Rd1 Nxe3 0-1


[Site "https://www.chess.com"]

[Event "Titled Tuesday Blitz June 28 Early 2022"]
[White "Dushyant Sharma"]
[Black "Bekturov, Tamerlan"]
[WhiteFideId "25065130"]
[BlackFideId "13710184"]
[WhiteElo "2105"]
[BlackElo "2151"]
[Result "0-1"]
[Round "02"]
[TimeControl "180+1"]
[Date "2022.06.28"]
[WhiteClock "0:00:20"]
[BlackClock "0:02:12"]

1. e4 c5 2. Nf3 Nf6 3. d4 Nxe4 4. Bd3 d5 5. c3 Nc6 6. O-O Bg4 7. Be3 cxd4 8. cxd4 e6 9. Nc3 Nxc3 10. bxc3 Bd6 11. Rb1 Qe7 12. h3 Bh5 13. Qe2 O-O 14. Rfe1 e5 15. dxe5 Nxe5 16. g4 Nxd3 17. Qxd3 Bg6 18. Qxd5 Be4 19. Qd4 Bxf3 20. Bh6 Qf6 21. Qxf6 gxf6 22. Bxf8 Kxf8 23. Re3 Bc6 24. c4 Bc5 25. Rd3 Re8 26. Rbd1 Re2 27. R3d2 Re4 28. Rd8+ Kg7 29. Rc1 Re2 0-1


[Site "https://www.chess.com"]

[Event "Titled Tuesday Blitz June 28 Early 2022"]
[White "Dwilewicz, Katarzyna"]
[Black "Adewumi, Tanitoluwa"]
[WhiteFideId "1148486"]
[BlackFideId "30966396"]
[WhiteElo "1907"]
[BlackElo "2669"]
[Result "0-1"]
[Round "02"]
[TimeControl "180+1"]
[Date "2022.06.28"]
[WhiteClock "0:00:03"]
[BlackClock "0:00:10"]

1. e4 c5 2. Nf3 e6 3. d4 cxd4 4. Nxd4 Nc6 5. Nc3 Qc7 6. Be3 a6 7. Qd2 Nf6 8. O-O-O Be7 9. f3 d6 10. g4 b5 11. Kb1 Bb7 12. g5 Nd7 13. h4 O-O-O 14. Bh3 Kb8 15. Rhe1 Nde5 16. Qf2 Nc4 17. Bc1 b4 18. Nce2 a5 19. Bf1 Rc8 20. Nb5 Qd7 21. Ned4 Nxd4 22. Nxd4 Rc7 23. Nb3 Rhc8 24. Bxc4 Rxc4 25. Nxa5 Rxc2 26. Qb6 Qc7 27. Qxb7+ Qxb7 28. Nxb7 Kxb7 29. Bd2 b3 30. axb3 R2c6 31. Bc3 g6 32. Kc2 Bd8 33. b4 Be7 34. Kb3 Rc4 35. Rd4 Rxd4 36. Bxd4 Bd8 37. Rd1 Bc7 38. Bf6 Kc6 39. Rc1+ Kd7 40. b5 Rb8 41. Kb4 Bb6 42. Rd1 Bc5+ 43. Kc4 Bb6 44. Bd4 Rc8+ 45. Kb3 Bd8 46. Kb4 Rb8 47. Rc1 d5 48. exd5 exd5 49. Be5 Be7+ 50. Ka4 Ra8+ 51. Kb3 Ra5 52. Bc3 Rxb5+ 53. Kc2 Rc5 54. Rd1 Ke6 55. Re1+ Kd7 56. Kd3 Bd6 57. Bb4 Rb5 58. Bxd6 Kxd6 59. Kc3 Rc5+ 60. Kd3 Rc4 61. Rh1 Rf4 62. Ke3 Rb4 63. h5 Rxb2 64. hxg6 hxg6 65. Rh7 Ke6 66. Kf4 Rb4+ 67. Kg3 Rb7 68. Rh4 Rd7 69. Rd4 Ke5 70. Rd1 d4 71. f4+ Kf5 72. Kf3 d3 73. Rd2 Rd5 74. Ke3 Kg4 75. Rd1 d2 76. Rg1+ Kf5 77. Rd1 Rd8 78. Kf3 Rd3+ 79. Ke2 Ke4 80. Rxd2 Rxd2+ 81. Kxd2 Kxf4 0-1


[Site "https://www.chess.com"]

[Event "Titled Tuesday Blitz June 28 Early 2022"]
[White "Elgersma, Onno"]
[Black "Goltsev, Dmitry"]
[WhiteFideId "1053531"]
[BlackFideId "24176710"]
[WhiteElo "2304"]
[BlackElo "2258"]
[Result "0-1"]
[Round "02"]
[TimeControl "180+1"]
[Date "2022.06.28"]
[WhiteClock "0:00:12"]
[BlackClock "0:01:12"]

1. e4 e6 2. d4 d5 3. Nd2 c5 4. exd5 exd5 5. Ngf3 Nc6 6. Bb5 Nf6 7. O-O Be7 8. dxc5 Bxc5 9. Re1+ Be6 10. Nb3 Bb6 11. Nbd4 O-O 12. c3 Nxd4 13. Nxd4 Ne4 14. Be3 a6 15. Bd3 Qd6 16. a4 Rfe8 17. a5 Bc7 18. f4 Bd7 19. Rf1 Nxc3 20. bxc3 Rxe3 21. Qd2 Rae8 22. g3 Bb8 23. Rae1 Qe7 24. Rxe3 Qxe3+ 25. Qxe3 Rxe3 26. Rd1 Bg4 27. Rd2 Re1+ 28. Kf2 Rc1 29. Rc2 Rh1 30. Kg2 Ra1 31. h3 Bc8 32. Re2 Kf8 33. Bxh7 Rxa5 34. Bf5 Rc5 35. Bxc8 Rxc8 36. Re3 Ba7 37. Rd3 Bxd4 38. Rxd4 Rxc3 39. Rxd5 b5 40. Rd7 a5 41. Ra7 a4 42. g4 Rb3 43. f5 a3 44. g5 b4 45. g6 fxg6 46. fxg6 Rb2+ 47. Kg3 a2 48. Rf7+ Ke8 49. Ra7 b3 50. h4 Rb1 51. h5 a1=Q 52. Rxa1 Rxa1 0-1


[Site "https://www.chess.com"]

[Event "Titled Tuesday Blitz June 28 Early 2022"]
[White "Espinosa Veloz, Ermes"]
[Black "Bolanos, Fernando"]
[WhiteFideId "3507424"]
[BlackFideId "3304094"]
[WhiteElo "2333"]
[BlackElo "2048"]
[Result "1-0"]
[Round "02"]
[TimeControl "180+1"]
[Date "2022.06.28"]
[WhiteClock "0:00:13"]
[BlackClock "0:00:04"]

1. e4 c5 2. Nf3 e6 3. g3 Qc7 4. Bg2 Nc6 5. O-O b5 6. a4 b4 7. d4 cxd4 8. Nxd4 Bb7 9. Nb5 Qb8 10. c3 a6 11. Nd4 Nf6 12. Bf4 e5 13. Nxc6 Bxc6 14. Bg5 Be7 15. Nd2 O-O 16. Qe2 h6 17. Bxf6 Bxf6 18. Nc4 bxc3 19. bxc3 Qb3 20. Ra3 Qb7 21. f4 exf4 22. gxf4 Be7 23. Raa1 Rab8 24. e5 Rfc8 25. Ne3 Bc5 26. Bxc6 Rxc6 27. Rf3 Rg6+ 28. Kf2 Qe4 29. Rd1 Bxe3+ 30. Qxe3 Rb2+ 31. Rd2 Qb1 32. Rg3 Rgb6 33. Rg1 Rxd2+ 34. Qxd2 Qe4 35. a5 Rb5 36. Ra1 g6 37. Ra2 h5 38. Qe3 Qb1 39. Rd2 Qh1 40. Qh3 Rxa5 41. Qxd7 Qxh2+ 42. Ke3 Qg3+ 43. Ke4 Qxc3 44. Qd8+ Kg7 45. Qf6+ Kh7 46. Qxf7+ Kh6 47. Qf8+ Kh7 48. Qe7+ Kh6 49. Qg5+ Kg7 50. Rd7+ Kf8 51. Qd8# 1-0


[Site "https://www.chess.com"]

[Event "Titled Tuesday Blitz June 28 Early 2022"]
[White "Fedoseev, Vladimir"]
[Black "Nguyen, Quoc Hy"]
[WhiteFideId "24130737"]
[BlackFideId "12410853"]
[WhiteElo "2726"]
[BlackElo "1938"]
[Result "1-0"]
[Round "02"]
[TimeControl "180+1"]
[Date "2022.06.28"]
[WhiteClock "0:01:32"]
[BlackClock "0:00:20"]

1. d4 d5 2. c4 c6 3. Nf3 Nf6 4. Qb3 dxc4 5. Qxc4 Bf5 6. g3 e6 7. Bg2 Be7 8. O-O O-O 9. Nc3 Nbd7 10. a4 h6 11. a5 a6 12. Nd2 e5 13. dxe5 Ng4 14. Nf3 Be6 15. Qe4 Nc5 16. Qc2 Nb3 17. Ra4 Nxa5 18. Nd4 Nxe5 19. Nxe6 fxe6 20. Qe4 b5 21. Rxa5 Qxa5 22. Qxe5 Bf6 23. Qxe6+ Kh8 24. Bxc6 Rac8 25. Nd5 Qa2 26. Bd7 Rc5 27. Qd6 Qxd5 28. Qxf8+ Kh7 29. Be6 Qc6 30. Bg8+ Kg6 31. Qf7+ 1-0


[Site "https://www.chess.com"]

[Event "Titled Tuesday Blitz June 28 Early 2022"]
[White "Fernandez Siles, Luis"]
[Black "Araujo Sanchez, Josue"]
[WhiteFideId "2209420"]
[BlackFideId "6416896"]
[WhiteElo "2211"]
[BlackElo "2339"]
[Result "0-1"]
[Round "02"]
[TimeControl "180+1"]
[Date "2022.06.28"]
[WhiteClock "0:00:01"]
[BlackClock "0:00:13"]

1. d4 Nf6 2. c4 e6 3. Nc3 Bb4 4. e3 O-O 5. Ne2 d5 6. a3 Bd6 7. cxd5 exd5 8. Ng3 Re8 9. Bd3 c5 10. dxc5 Bxc5 11. O-O Nc6 12. Nce2 Bb6 13. b4 Ng4 14. h3 Nge5 15. Bf5 Bxf5 16. Nxf5 Qf6 17. Nfd4 Nc4 18. Ra2 Nxd4 19. Nxd4 Bxd4 20. Qxd4 Qxd4 21. exd4 Re4 22. Be3 Rae8 23. Rc1 f6 24. Rc3 Kf7 25. Bc1 Re1+ 26. Kh2 R8e2 27. Rxe2 Rxe2 28. Be3 b5 29. Kg1 Ra2 30. Bc1 h5 31. h4 a6 32. g3 Re2 33. Kg2 Re1 34. Kf3 Ke6 35. Be3 Kf5 36. Bf4 g5 37. hxg5 fxg5 38. Bc1 g4+ 39. Kg2 Rd1 40. Be3 Ke4 41. Bf4 Kxd4 42. Rc2 Re1 43. Ra2 Kc3 44. a4 Kxb4 45. axb5 axb5 46. Ra6 d4 47. Rh6 d3 48. Rxh5 d2 49. Bxd2+ Nxd2 50. Rg5 Re4 51. f3 Nxf3 0-1


[Site "https://www.chess.com"]

[Event "Titled Tuesday Blitz June 28 Early 2022"]
[White "Ferreira, Vitor Hugo Vieira"]
[Black "Dudzinski, Pawel"]
[WhiteFideId "2119765"]
[BlackFideId "1117890"]
[WhiteElo "2165"]
[BlackElo "2011"]
[Result "1-0"]
[Round "02"]
[TimeControl "180+1"]
[Date "2022.06.28"]
[WhiteClock "0:01:49"]
[BlackClock "0:00:19"]

1. d4 f5 2. g4 d5 3. Nc3 Nf6 4. g5 Ne4 5. Qd3 c5 6. Nf3 c4 7. Qe3 e6 8. h4 Bd6 9. Ne5 Bxe5 10. dxe5 d4 11. Qf3 dxc3 12. bxc3 Qa5 13. Rh3 Qxe5 14. Bf4 Qa5 15. Qh5+ g6 16. Qh6 Kf7 17. h5 Qd8 18. hxg6+ hxg6 19. Qxh8 Qxh8 20. Rxh8 Nc6 21. e3 b5 22. a4 Nxc3 23. axb5 Nxb5 24. Bxc4 Nb4 25. Rb1 Nxc2+ 26. Kd2 Nca3 27. Rxb5 Nxb5 28. Bxb5 Rb8 29. Bxb8 1-0


[Site "https://www.chess.com"]

[Event "Titled Tuesday Blitz June 28 Early 2022"]
[White "Florescu, Codrut-Constantin"]
[Black "Kollars, Dmitrij"]
[WhiteFideId "1202200"]
[BlackFideId "12909572"]
[WhiteElo "2191"]
[BlackElo "2584"]
[Result "0-1"]
[Round "02"]
[TimeControl "180+1"]
[Date "2022.06.28"]
[WhiteClock "0:00:15"]
[BlackClock "0:00:20"]

1. d4 d5 2. Nf3 Nf6 3. c4 e6 4. Nc3 c5 5. e3 a6 6. a3 Nc6 7. dxc5 Bxc5 8. b4 Ba7 9. Bb2 O-O 10. cxd5 exd5 11. Be2 d4 12. exd4 Nxd4 13. Nxd4 Bxd4 14. O-O Be6 15. Bf3 Rc8 16. Rc1 Rc7 17. Na4 Rxc1 18. Qxc1 Bxb2 19. Nxb2 Qb6 20. Na4 Qb5 21. Nc5 Bc8 22. Re1 h6 23. h3 a5 24. Qf4 b6 25. Ne4 Nxe4 26. Qxe4 Be6 27. Qc6 Qxc6 28. Bxc6 Rd8 29. bxa5 bxa5 30. Re5 Rd6 31. Ba4 Bd5 32. Re8+ Kh7 33. Re7 Ra6 34. Bc2+ g6 35. Rc7 a4 36. Rd7 Be6 37. Rd4 Bb3 38. Bxb3 axb3 39. Rb4 Rxa3 40. Kh2 Kg7 41. f4 h5 42. h4 Kf6 43. g3 Ra2+ 44. Kh3 b2 45. Rb6+ Kf5 46. Rb5+ Ke4 47. Rb7 Kd5 48. Rb8 Kc4 49. Rc8+ Kd3 50. Rd8+ Kc2 51. Rc8+ Kb1 52. Rc7 Ka1 0-1


[Site "https://www.chess.com"]

[Event "Titled Tuesday Blitz June 28 Early 2022"]
[White "Garcia, Gabriel Gonzaga"]
[Black "Richter, Nils"]
[WhiteFideId "2138956"]
[BlackFideId "12990809"]
[WhiteElo "2240"]
[BlackElo "2311"]
[Result "0-1"]
[Round "02"]
[TimeControl "180+1"]
[Date "2022.06.28"]
[WhiteClock "0:01:40"]
[BlackClock "0:01:43"]

1. e4 e6 2. Nf3 d5 3. Nc3 dxe4 4. Nxe4 Nf6 5. Nxf6+ Qxf6 6. d4 Bd6 7. Bg5 Qg6 8. Bd3 Qh5 9. h3 f5 10. Qe2 O-O 11. O-O-O Nc6 12. g4 Qf7 13. c3 h6 14. Bd2 fxg4 15. Ne5 Bxe5 16. dxe5 Qxf2 17. Qe4 Qf5 18. Qc4 Nxe5 19. Bxf5 Nxc4 20. Bxg4 e5 21. Bf3 Rxf3 0-1


[Site "https://www.chess.com"]

[Event "Titled Tuesday Blitz June 28 Early 2022"]
[White "Gardezi, Arsal"]
[Black "Gormally, Daniel W"]
[WhiteFideId "30949521"]
[BlackFideId "406465"]
[WhiteElo "1781"]
[BlackElo "2543"]
[Result "0-1"]
[Round "02"]
[TimeControl "180+1"]
[Date "2022.06.28"]
[WhiteClock "0:00:49"]
[BlackClock "0:02:18"]

1. e4 c5 2. Nf3 d6 3. d4 cxd4 4. Nxd4 Nf6 5. Nc3 a6 6. f3 e5 7. Nb3 Be6 8. Be3 Be7 9. Qd2 O-O 10. O-O-O a5 11. Bb5 Nc6 12. Kb1 Na7 13. Bf1 Nc8 14. Bb5 Nb6 15. Qf2 Nc4 16. Nc5 Nxe3 17. Qxe3 Qb6 18. a4 Rfc8 19. Nd5 Bxd5 20. exd5 Rxc5 21. c4 Rxb5 0-1


[Site "https://www.chess.com"]

[Event "Titled Tuesday Blitz June 28 Early 2022"]
[White "Gatterer, Florian"]
[Black "Nasir, Zehn"]
[WhiteFideId "811688"]
[BlackFideId "2613239"]
[WhiteElo "2218"]
[BlackElo "1993"]
[Result "1-0"]
[Round "02"]
[TimeControl "180+1"]
[Date "2022.06.28"]
[WhiteClock "0:00:24"]
[BlackClock "0:00:05"]

1. d4 Nf6 2. Nf3 e6 3. g3 c5 4. Bg2 d5 5. O-O Nc6 6. c4 dxc4 7. dxc5 Qxd1 8. Rxd1 Bxc5 9. Nbd2 c3 10. bxc3 O-O 11. Nb3 Bb6 12. Nfd4 Bd7 13. Nxc6 Bxc6 14. Bxc6 bxc6 15. Ba3 Rfd8 16. c4 Ne4 17. e3 Nc3 18. Re1 Rd7 19. Bb4 Ne4 20. c5 Bc7 21. f3 Nf6 22. e4 Rad8 23. Kf2 Be5 24. Rac1 h5 25. Ke2 h4 26. f4 Bc7 27. e5 Nd5 28. Bd2 h3 29. Rc4 g5 30. Ra4 Bb8 31. Kf3 Ne7 32. Ba5 Rd3+ 33. Re3 Rxe3+ 34. Kxe3 Rd1 35. Kf3 gxf4 36. gxf4 Rd3+ 37. Ke4 Rd1 38. Rb4 Nd5 39. Rxb8+ Kg7 40. Bd8 Rh1 41. Bf6+ Nxf6+ 42. exf6+ Kxf6 43. Nd4 Rxh2 44. Rh8 Rh1 45. Nxc6 h2 46. Ne5 Re1+ 47. Kd4 h1=Q 48. Rxh1 Rxh1 49. c6 Rc1 50. Nc4 Ke7 51. Kc5 1-0


[Site "https://www.chess.com"]

[Event "Titled Tuesday Blitz June 28 Early 2022"]
[White "Ghazarian, Kirk"]
[Black "Shimanov, Aleksandr"]
[WhiteFideId "30908604"]
[BlackFideId "4198603"]
[WhiteElo "2003"]
[BlackElo "2605"]
[Result "0-1"]
[Round "02"]
[TimeControl "180+1"]
[Date "2022.06.28"]
[WhiteClock "0:00:03"]
[BlackClock "0:00:08"]

1. e4 e6 2. d4 d5 3. Bd3 dxe4 4. Bxe4 Nf6 5. Bf3 c5 6. Ne2 Nc6 7. Be3 e5 8. Bxc6+ bxc6 9. dxe5 Qxd1+ 10. Kxd1 Ng4 11. Nbc3 Be6 12. Nf4 O-O-O+ 13. Ke1 Bf5 14. Rc1 Re8 15. e6 Nxe3 16. fxe3 Bd6 17. Rf1 fxe6 18. h3 g5 19. Nh5 Be5 20. Ke2 Rhf8 21. Na4 c4 22. b3 Bg6 23. g4 Rxf1 24. Kxf1 Rd8 25. bxc4 Rd2 26. Nc5 Rh2 27. Kg1 Rxh3 28. Kf2 Rh2+ 29. Kf3 Rh3+ 30. Kf2 Rh4 31. Kf3 Bxh5 32. gxh5 Rxc4 33. Nxe6 g4+ 34. Ke2 g3 35. Kf3 Rh4 36. Nf4 Kc7 37. Rg1 Rh2 38. Rxg3 Rxc2 39. Rg5 Ba1 40. Rf5 Rxa2 41. Rf7+ Kb6 42. Rxh7 Rh2 43. Kg3 Rh1 44. h6 a5 45. Kg2 Re1 46. Re7 a4 47. h7 a3 48. Re8 a2 49. Ra8 Rxe3 50. Rxa2 Be5 51. Ng6 Rg3+ 0-1


[Site "https://www.chess.com"]

[Event "Titled Tuesday Blitz June 28 Early 2022"]
[White "Gracia Alvarez, Gerardo Antonio"]
[Black "Daneshvar, Bardiya"]
[WhiteFideId "5109124"]
[BlackFideId "12576468"]
[WhiteElo "2139"]
[BlackElo "2303"]
[Result "0-1"]
[Round "02"]
[TimeControl "180+1"]
[Date "2022.06.28"]
[WhiteClock "0:00:16"]
[BlackClock "0:00:09"]

1. e4 Nc6 2. Nf3 g6 3. d4 Bg7 4. d5 Nb8 5. Be2 d6 6. O-O Nf6 7. Bd3 Bg4 8. h3 Bxf3 9. Qxf3 O-O 10. c4 a5 11. Nc3 Na6 12. Re1 Nd7 13. Qd1 Ndc5 14. Be3 Qd7 15. Qd2 a4 16. Rac1 Nxd3 17. Qxd3 a3 18. b3 c6 19. Qd2 Nb4 20. Bd4 Bxd4 21. Qxd4 c5 22. Qd2 Kg7 23. e5 Qf5 24. exd6 exd6 25. Ne4 Rad8 26. Qc3+ f6 27. Re2 Qe5 28. Qf3 Rfe8 29. Rce1 Qd4 30. Ng5 Rxe2 31. Rxe2 fxg5 32. Re7+ Kh6 33. Qf7 Rh8 34. h4 gxh4 35. Kh2 Nd3 36. f3 Qf4+ 37. Qxf4+ Nxf4 38. Re4 Nd3 39. Rxh4+ Kg7 40. Re4 Rf8 41. Re7+ Rf7 42. Re6 Nb4 43. Rxd6 Nxa2 0-1


[Site "https://www.chess.com"]

[Event "Titled Tuesday Blitz June 28 Early 2022"]
[White "Gueci, Tea"]
[Black "Ning, Kaiyu"]
[WhiteFideId "872342"]
[BlackFideId "8614750"]
[WhiteElo "2142"]
[BlackElo "2013"]
[Result "0-1"]
[Round "02"]
[TimeControl "180+1"]
[Date "2022.06.28"]
[WhiteClock "0:00:07"]
[BlackClock "0:00:25"]

1. Nf3 d5 2. b3 Nf6 3. e3 c5 4. Bb2 e6 5. d4 Bd6 6. Bd3 O-O 7. O-O b6 8. Nbd2 Bb7 9. c4 Nbd7 10. Ne5 Qe7 11. Rc1 Rfd8 12. Bb1 dxc4 13. bxc4 Bxe5 14. dxe5 Ne8 15. Qc2 Nf8 16. Ne4 Qh4 17. Ng3 Qg5 18. f4 Qh4 19. Rcd1 g6 20. Ne4 Kh8 21. Nd6 Rd7 22. Qe2 Bc6 23. f5 gxf5 24. Bxf5 Ng7 25. Bb1 Kg8 26. Rf2 Ng6 27. Rdf1 Rf8 28. Rf6 Qg5 29. Bxg6 hxg6 30. Qf2 Nf5 31. Nxf5 gxf5 32. h4 Qg4 33. h5 Rfd8 34. Bc1 Rd1 35. Qf4 Qxg2# 0-1


[Site "https://www.chess.com"]

[Event "Titled Tuesday Blitz June 28 Early 2022"]
[White "Guliev, Logman"]
[Black "Magallanes, Rey Jomar"]
[WhiteFideId "13400061"]
[BlackFideId "5205948"]
[WhiteElo "2128"]
[BlackElo "2181"]
[Result "1-0"]
[Round "02"]
[TimeControl "180+1"]
[Date "2022.06.28"]
[WhiteClock "0:00:56"]
[BlackClock "0:00:15"]

1. d4 d5 2. c4 e6 3. Nc3 Nf6 4. Bg5 Be7 5. e3 c6 6. Nf3 O-O 7. Bd3 h6 8. Bh4 dxc4 9. Bxc4 Nd5 10. Bxe7 Qxe7 11. O-O Nd7 12. e4 Nxc3 13. bxc3 Nb6 14. Bd3 Rd8 15. Re1 Nd7 16. e5 Nf8 17. Qe2 b6 18. a4 c5 19. a5 Bb7 20. Be4 Bxe4 21. Qxe4 bxa5 22. Rxa5 cxd4 23. cxd4 Qb4 24. Rea1 Rdc8 25. g3 Nd7 26. Rxa7 Rxa7 27. Rxa7 Nc5 28. Qf4 Qb1+ 29. Kg2 Nb7 30. Nd2 Qb6 31. Ra1 Qc6+ 32. Qe4 Qxe4+ 33. Nxe4 Nd8 34. Nd6 Rb8 35. Ra7 Nc6 36. Rxf7 Nxd4 37. Re7 Rd8 38. f4 Kf8 39. Rf7+ Kg8 40. Rc7 Kf8 41. Kh3 Rb8 42. Kg4 Rb2 43. h4 Ne2 44. Rc8+ Ke7 45. Rg8 Rb3 46. Rxg7+ Kf8 47. Rf7+ Kg8 48. Kh5 Rxg3 49. Rf6 Kg7 50. Ne4 Rg2 51. Nc5 Rg1 52. Nxe6+ Kg8 53. Kxh6 Ng3 54. Rf8# 1-0


[Site "https://www.chess.com"]

[Event "Titled Tuesday Blitz June 28 Early 2022"]
[White "Gundam, Rohit"]
[Black "Ladan, Nicholas"]
[WhiteFideId "75002809"]
[BlackFideId "30918855"]
[WhiteElo "2347"]
[BlackElo "2167"]
[Result "0-1"]
[Round "02"]
[TimeControl "180+1"]
[Date "2022.06.28"]
[WhiteClock "0:00:04"]
[BlackClock "0:00:39"]

1. d4 d5 2. Nf3 Nf6 3. c4 e6 4. Nc3 Bb4 5. Qa4+ Nc6 6. e3 O-O 7. Bd2 Re8 8. a3 Bf8 9. Qc2 e5 10. cxd5 Nxd5 11. Nxd5 Qxd5 12. Bc4 Qd8 13. d5 Ne7 14. e4 c6 15. dxc6 Nxc6 16. O-O Bg4 17. Ng5 Re7 18. f3 Bd7 19. Qb3 Be8 20. Rad1 Rd7 21. Be3 h6 22. Rxd7 Qxd7 23. Nh3 Nd4 24. Qa2 b5 25. Bd5 Rc8 26. Bxd4 exd4 27. Qb1 b4 28. axb4 Bxb4 29. Re1 Bxe1 30. Qxe1 Qc7 0-1


[Site "https://www.chess.com"]

[Event "Titled Tuesday Blitz June 28 Early 2022"]
[White "Gurevich, Dmitry"]
[Black "Sarkar, Justin"]
[WhiteFideId "2000407"]
[BlackFideId "2010011"]
[WhiteElo "2506"]
[BlackElo "2020"]
[Result "1/2-1/2"]
[Round "02"]
[TimeControl "180+1"]
[Date "2022.06.28"]
[WhiteClock "0:01:26"]
[BlackClock "0:00:07"]

1. d4 Nf6 2. c4 g6 3. Nc3 d5 4. Nf3 Bg7 5. cxd5 Nxd5 6. Bd2 c5 7. Rc1 Nxc3 8. Bxc3 cxd4 9. Nxd4 O-O 10. e3 e5 11. Nb5 Nc6 12. Qxd8 Rxd8 13. Bc4 a6 14. Nc7 Ra7 15. Bb3 b5 16. Nd5 Be6 17. Nb4 Nxb4 18. Bxb4 Bxb3 19. axb3 e4 20. Bc3 Rc7 21. Ke2 Rdc8 22. Kd2 Rd7+ 23. Ke2 Rdc7 24. Kd2 Rd7+ 25. Ke2 Rdc7 1/2-1/2


[Site "https://www.chess.com"]

[Event "Titled Tuesday Blitz June 28 Early 2022"]
[White "Hakobyan, Aram"]
[Black "Mestnikov, Aisen"]
[WhiteFideId "13306677"]
[BlackFideId "34130117"]
[WhiteElo "2557"]
[BlackElo "2027"]
[Result "1-0"]
[Round "02"]
[TimeControl "180+1"]
[Date "2022.06.28"]
[WhiteClock "0:00:22"]
[BlackClock "0:00:05"]

1. e4 e5 2. Nc3 Nc6 3. Bc4 g6 4. Nf3 Bg7 5. d3 Nge7 6. h4 h5 7. Ng5 O-O 8. g4 hxg4 9. h5 Na5 10. hxg6 Nxg6 11. Qxg4 Nxc4 12. dxc4 Re8 13. Qf3 Qf6 14. Qh5 c6 15. Be3 Nf4 16. Bxf4 exf4 17. O-O-O Qg6 18. Qh4 Bf6 19. Rdg1 Re5 20. Qh7+ Kf8 21. Qxg6 fxg6 22. Nh7+ Kf7 23. Nxf6 Kxf6 24. Rh6 Rg5 25. e5+ Kg7 26. Rxg5 Kxh6 27. Rg1 b5 28. c5 b4 29. Ne4 Ba6 30. Rh1+ Kg7 31. Nf6 g5 32. Rh7+ Kg6 33. Rxd7 Rh8 34. b3 Rh1+ 35. Kb2 Re1 36. Re7 Kf5 37. Nd7 Bc8 38. Nb8 Rxe5 39. Rf7+ Kg6 40. Rc7 Bf5 41. Nxc6 Re2 42. Ne7+ Kf6 43. Nxf5 Kxf5 44. c6 Rxf2 45. Rf7+ Ke6 46. c7 Kxf7 47. c8=Q g4 48. Qf5+ Ke7 49. Qxg4 Kf6 50. Qh4+ Ke5 51. Qxf2 Ke4 52. c3 f3 53. cxb4 1-0


[Site "https://www.chess.com"]

[Event "Titled Tuesday Blitz June 28 Early 2022"]
[White "Hamley, Ryan"]
[Black "Fernandez Hernandez, Gerardo"]
[WhiteFideId "30959497"]
[BlackFideId "2207400"]
[WhiteElo "2473"]
[BlackElo "2233"]
[Result "1-0"]
[Round "02"]
[TimeControl "180+1"]
[Date "2022.06.28"]
[WhiteClock "0:00:13"]
[BlackClock "0:00:06"]

1. d4 Nf6 2. c4 c5 3. d5 b5 4. a4 bxc4 5. Nc3 g6 6. e4 d6 7. Bxc4 Bg7 8. f4 O-O 9. Nf3 Na6 10. Qe2 Nb4 11. O-O Bg4 12. h3 Bxf3 13. Rxf3 Nd7 14. Bd2 Bd4+ 15. Kh1 Bg7 16. Rb1 Nc2 17. Rff1 Nd4 18. Qf2 f5 19. e5 dxe5 20. d6+ Kh8 21. fxe5 Nxe5 22. Bd5 Rb8 23. dxe7 Qxe7 24. Rfe1 Qc7 25. Bf4 Rfe8 26. Rbd1 Qd7 27. Qg3 Qe7 28. Nb5 Nc2 29. Re2 Nb4 30. Bf3 Qf6 31. Nd6 Re6 32. Bxe5 Rxe5 33. Rxe5 Qxd6 34. Rxd6 Nd3 35. Red5 1-0


[Site "https://www.chess.com"]

[Event "Titled Tuesday Blitz June 28 Early 2022"]
[White "Dronavalli, Harika"]
[Black "Andreikin, Dmitry"]
[WhiteFideId "5015197"]
[BlackFideId "4158814"]
[WhiteElo "2382"]
[BlackElo "2736"]
[Result "0-1"]
[Round "02"]
[TimeControl "180+1"]
[Date "2022.06.28"]
[WhiteClock "0:00:36"]
[BlackClock "0:01:09"]

1. e4 c5 2. c3 d5 3. exd5 Qxd5 4. d4 Nf6 5. Nf3 e6 6. Na3 Qd8 7. Nc4 Be7 8. Be2 O-O 9. O-O Nbd7 10. Bf4 Nd5 11. Bg3 N7f6 12. dxc5 Bxc5 13. Qb3 b6 14. Rad1 Qe7 15. Nce5 Bb7 16. Bb5 Ne4 17. Nc6 Qf6 18. Be5 Qh6 19. Qa4 Ng5 20. Nfd4 a6 21. Bd3 b5 22. Qb3 Rac8 23. Na5 Bxd4 24. Bxd4 Nf4 25. Nxb7 Nf3+ 26. gxf3 Qg5+ 0-1


[Site "https://www.chess.com"]

[Event "Titled Tuesday Blitz June 28 Early 2022"]
[White "Hartikainen, Jarmo"]
[Black "Snehal, Bhosale"]
[WhiteFideId "503134"]
[BlackFideId "5021995"]
[WhiteElo "2156"]
[BlackElo "2103"]
[Result "0-1"]
[Round "02"]
[TimeControl "180+1"]
[Date "2022.06.28"]
[WhiteClock "0:00:36"]
[BlackClock "0:01:46"]

1. e4 e5 2. Nf3 Nc6 3. Bc4 Nf6 4. Ng5 d5 5. exd5 Na5 6. Bb5+ c6 7. dxc6 bxc6 8. Bd3 Nd5 9. Nf3 Bd6 10. O-O O-O 11. Re1 Nf4 12. Nxe5 Qg5 13. Qf3 Bxe5 14. Nc3 Bg4 15. Qe4 Nxd3 16. cxd3 Rfe8 17. f4 Bd4+ 18. Qxd4 Rxe1+ 19. Kf2 Qh4+ 20. g3 Qxh2+ 21. Kxe1 Re8+ 22. Qe4 Qg1# 0-1


[Site "https://www.chess.com"]

[Event "Titled Tuesday Blitz June 28 Early 2022"]
[White "Horak, Martin"]
[Black "Pirvulescu, Ekaterina"]
[WhiteFideId "367095"]
[BlackFideId "13506374"]
[WhiteElo "1997"]
[BlackElo "1740"]
[Result "1-0"]
[Round "02"]
[TimeControl "180+1"]
[Date "2022.06.28"]
[WhiteClock "0:00:11"]
[BlackClock "0:00:02"]

1. e4 c5 2. Nc3 g6 3. d4 cxd4 4. Qxd4 Nf6 5. Be3 Nc6 6. Qd2 d6 7. f3 Bg7 8. O-O-O O-O 9. Bh6 Qa5 10. h4 Nb4 11. a3 Nc6 12. h5 Nxh5 13. Bxg7 Kxg7 14. g4 Nf6 15. Qh6+ Kg8 16. Nd5 Rd8 17. Bc4 Ne5 18. Bb3 Rd7 19. Nh3 Nxd5 20. Rxd5 Qb6 21. Ng5 Qe3+ 22. Kb1 e6 23. Qxh7+ Kf8 24. Qh8+ Ke7 25. Nh7 Rd8 26. Qf6+ Kd7 27. Rxd6+ Kxd6 28. Rd1+ Kc6 29. Qxd8 Nd7 30. Nf8 Qe2 31. Rxd7 1-0


[Site "https://www.chess.com"]

[Event "Titled Tuesday Blitz June 28 Early 2022"]
[White "Hovhannisyan, Robert"]
[Black "Gubajdullin, Alexei"]
[WhiteFideId "13302507"]
[BlackFideId "4141202"]
[WhiteElo "2570"]
[BlackElo "2280"]
[Result "1-0"]
[Round "02"]
[TimeControl "180+1"]
[Date "2022.06.28"]
[WhiteClock "0:00:40"]
[BlackClock "0:00:07"]

1. e4 g6 2. d4 Bg7 3. Nc3 d6 4. Be3 a6 5. g4 b5 6. h4 h6 7. Bg2 Bb7 8. Nge2 Nd7 9. Ng3 c5 10. h5 cxd4 11. Bxd4 Bxd4 12. Qxd4 Rh7 13. hxg6 fxg6 14. g5 h5 15. Bh3 Ne5 16. O-O-O Qa5 17. f4 Nc4 18. Be6 Qb4 19. Nd5 Bxd5 20. exd5 Kf8 21. f5 Qc5 22. fxg6 Qxd4 23. Rxd4 Rg7 24. Rf1+ Ke8 25. Nxh5 1-0


[Site "https://www.chess.com"]